 Dungeon Crawl Stone Soup version 0.30-b1-2-g02819fbbbe (webtiles) character file.

Game seed: 16897382594220666135

149647 Vill the Warrior (level 16, -1/163 HPs)
             Began as a Minotaur Berserker on July 8, 2023.
             Was a High Priest of Trog.
             Succumbed to a redback's poison
             ... on level 1 of the Spider Nest on July 12, 2023.
             The game lasted 03:47:51 (25261 turns).

Vill the Warrior (Minotaur Berserker)              Turns: 25261, Time: 03:47:51

Health: -1/163     AC: 17    Str: 28    XL:     16   Next: 97%
Magic:  1/15       EV: 24    Int:  4    God:    Trog [*****.]
Gold:   1771       SH: 11    Dex: 12    Spells: 15/15 levels left

rFire   + . .        Y - +9 broad axe (drain)
rCold   + . .        g - +0 kite shield
rNeg    . . .        O - +4 ring mail of Weightlessness {Rampage Regen+}
rPois   .            e - +1 hat
rElec   +            V - +1 cloak
rCorr   .            P - +0 pair of gloves of Subjectivity {rC+}
SInv    +            w - -2 pair of boots "Mobboj" {rElec rF+}
Will    +++..        A - amulet of guardian spirit
Stlth   +            n - ring of see invisible
HPRegen 2.27/turn    I - ring of the Hare {EV+10}
MPRegen 0.14/turn

%: guardian spirit, rampage
@: lethally poisoned (-1 -> -18), strong-willed, on berserk cooldown,
regenerating, slowed, very slow
A: horns 2, retaliatory headbutt, wild magic 1
a: Renounce Religion, Berserk, Trog's Hand, Brothers in Arms


You were on level 1 of the Spider Nest.
You worshipped Trog.
Trog was extremely pleased with you.
You visited 5 branches of the dungeon, and saw 26 of its levels.
You also visited: Bailey.

You collected 2510 gold pieces.
You spent 739 gold pieces at shops.

Inventory:

Hand Weapons
 X - a -2 demon whip of venom
 Y - a +9 broad axe of draining (weapon)
Missiles
 h - 19 javelins
 D - 4 throwing nets
Armour
 d - a +1 ring mail of cold resistance
 e - a +1 hat (worn)
 g - a +0 kite shield (worn)
 w - the -2 pair of boots "Mobboj" (worn) {rElec rF+}
   (You acquired it on level 15 of the Dungeon)

   rF:        It protects you from fire.
   rElec:     It insulates you from electricity.
 O - the +4 ring mail of Weightlessness (worn) {Rampage Regen+}
   (You took it off a wight on level 8 of the Dungeon)

   Regen:     It increases your rate of health regeneration.
   Rampage:   It bestows one free step when moving towards enemies.
 P - the +0 pair of gloves of Subjectivity (worn) {rC+}
   (You found it in a bailey)

   rC:        It protects you from cold.
 V - a +1 cloak (worn)
 Z - a +1 scale mail of poison resistance
Jewellery
 n - a ring of see invisible (left hand)
 u - a ring of fire
 A - an amulet of guardian spirit (around neck)
 I - the ring of the Hare (right hand) {EV+10}
   (You found it on level 5 of the Lair of Beasts)

   [ring of evasion]

   EV:        It affects your evasion (+10).
 R - a ring of flight
 T - a ring of poison resistance
 W - a ring of positive energy
Wands
 i - a wand of flame (27)
 m - a wand of acid (17) (quivered)
 o - a wand of roots (37)
 F - a wand of mindburst (43)
 J - a wand of charming (23)
 U - a wand of polymorph (10)
Scrolls
 c - 2 scrolls of vulnerability
 j - a scroll of enchant armour
 l - 7 scrolls of fear
 p - 3 scrolls of noise
 q - 2 scrolls of immolation
 s - 11 scrolls of teleportation
 v - 7 scrolls of poison
 y - a scroll of fog
 C - 8 scrolls of magic mapping
 K - a scroll of identify
 M - a scroll of butterflies
 N - a scroll of silence
 Q - 3 scrolls of torment
Potions
 a - 3 potions of ambrosia
 f - 5 potions of might
 k - 5 potions of attraction
 r - 6 potions of lignification
 t - 6 potions of curing
 x - 6 potions of flight
 z - 2 potions of invisibility
 E - a potion of resistance {unknown}
 G - a potion of haste
 H - 6 potions of heal wounds
 L - a potion of cancellation {unknown}
 S - 4 potions of berserk rage {unknown}
Miscellaneous
 b - a phial of floods
 B - a lightning rod (4/4)


   Skills:
 + Level 20.2 Fighting
 - Level 18.0 Axes
 + Level 6.0 Throwing
 + Level 14.8 Armour
 + Level 8.4 Dodging
 * Level 11.5 Shields
 + Level 11.4 Evocations


You had 15 spell levels left.
You didn't know any spells.
Your spell library contained the following spells:

 Spells                   Type           Power      Damage    Failure   Level
 Summon Small Mammal      Summ           0%         N/A       82%         1
 Call Canine Familiar     Summ           0%         N/A       99%         3
 Summon Guardian Golem    Hex/Summ       0%         N/A       99%         3
 Passage of Golubria      Tloc           0%         N/A       100%        4
 Silence                  Hex/Air        0%         N/A       100%        5
 Lehudib's Crystal Spear  Conj/Erth      0%         10d2      100%        8


Dungeon Overview and Level Annotations

Branches:
Dungeon (15/15)            Temple (0/1) D:6            Lair (5/5) D:10
  Swamp (0/4) Lair:3       Spider (2/4) Lair:3        Slime (2/5) Lair:5
    Orc (2/2) D:11            Elf (0/3) Orc:2        Vaults (0/5) D:14
 Depths (0/4) D:15         Bailey (visited)

Altars:
Dithmenos
Elyvilon
Hepliaklqana
Kikubaaqudgha
Uskayaw
Vehumet
The Shining One

Shops:
D:3 =   D:4 [   D:5 *   D:7 *   D:11 (   Orc:2 :*?[

Portals:
Trove: D:13 (give +4 ring of slaying)

Annotations:
D:9 exclusion: statue
Lair:5 exclusion: ice statue


Innate Abilities, Weirdness & Mutations

You have a pair of horns on your head.
You reflexively headbutt those who attack you in melee.
Your spells are a little harder to cast, but a little more powerful.


Message History

You block the wolf spider's attack. The wolf spider bites you!
A culicivora comes into view.
A redback comes into view.
The redback closely misses you. You furiously retaliate!
You headbutt the redback. You block the wolf spider's attack.
The wolf spider misses you. The redback attacks as you move away!
The redback bites you but does no damage.
You feel extremely sick. You block the wolf spider's attack. x2
There is an escape hatch in the ceiling here.
You feel very sick. The redback bites you!!
The wolf spider completely misses you. You block the wolf spider's attack.
The redback bites you! The wolf spider misses you. You furiously retaliate!
You headbutt the wolf spider!! The wolf spider bites you!
The redback barely misses you. The wolf spider hits you!!
* * * LOW HITPOINT WARNING * * *
The wolf spider completely misses you. The redback barely misses you.
A mysterious force pulls you upwards. The hatch slams shut behind you.
You feel very sick.
You are too injured to fight recklessly!
Your skin crawls.
You feel strong-willed.
You feel very sick. The wolf spider hits you!
* * * LOW HITPOINT WARNING * * *
The wolf spider bites you but does no damage.
The redback misses you. The wolf spider misses you. You furiously retaliate!
You headbutt the wolf spider! You block the wolf spider's attack.
The redback bites you!
* * * LOW HITPOINT WARNING * * *
You are lethally poisoned!
The redback poisons you! The wolf spider hits you!
* * * LOW HITPOINT WARNING * * *
The wolf spider misses you. You block the redback's attack.
The wolf spider barely misses you. The wolf spider completely misses you.
You slash the wolf spider! You drain the wolf spider.
The wolf spider is heavily wounded.
You closely miss the redback.
You die...

..###...##..##.......##.##.....##
.###....#...#....##..#...#......#
.#.#....#...#.##....##.....^#####
...#..###.....#......#..#^.....#.
........#.......###..#..#......#.
##......####...##.#..#..#....#.^.
....#####.#.#..#..#..#^...####...
......#.#...#..#.s##........#....
##....#.....#..[@##...........#..
.#.>..#...#.#..s##....[####.....#
.###....###.....#....#....#.##.#.
....##^..#####.^...#.#....#...##†
.....##..#.#.#....^^.#..#.....#.^
#............#.)#########.#......
......†#.....#..#....#.#†...##...
..#....#.#............†.†.^...###
..#..#^###.....#....).††####..#..


You could see a wolf spider (berserk, drained) and a redback (berserk).

Vanquished Creatures
  Jorgrun (D:13)
  Agnes (D:14)
  Donald (Orc:2)
  An azure jelly (Slime:1)
  A rockslime (Slime:1)
  A broodmother (Spider:1)
  An orc warlord (Bailey)
  The ghost of Vufrucs the Grappler, a journeyman DrTm of Wu Jian (Lair:4)
  Azrael (D:13)
  A fire dragon (Lair:5)
  An ettin (D:15)
  A yaktaur captain (D:13)
  Snorg (D:11)
  An entropy weaver (Spider:1)
  A great orb of eyes (Slime:1)
  An ice dragon (Lair:5)
  2 rakshasas (D:14)
  7 hydras
  2 vault guards (D:14)
  2 centaur warriors
  Erica (D:11)
  3 catoblepae (Lair:5)
  5 radroaches
  2 ogre magi
  4 boulder beetles
  8 two-headed ogres
  A tengu warrior (D:15)
  A death knight (D:15)
  9 death yaks
  Urug (Lair:2)
  A hell knight (D:15)
  Amaemon (Lair:2)
  A skeletal warrior (D:15)
  Nergalle (Lair:2)
  An iron troll (Orc:2)
  4 spectral death yaks (Lair:4)
  2 skysharks
  2 pharaoh ants
  3 orb spiders (Spider:1)
  A glowing orange brain (shapeshifter) (D:15)
  A deep troll (D:15)
  A swamp dragon (Lair:5)
  A bog body (Lair:3)
  3 lindwurms
  A steelbarb worm (Spider:1)
  2 wizards
  A deep elf zephyrmancer (Orc:1)
  An orc knight (Orc:2)
  7 wolf spiders
  4 deep elf pyromancers
  11 cyclopes
  3 necromancers
  A shining eye (Slime:1)
  7 ugly things
  7 manticores
  17 elephants
  3 demonic crawlers
  6 black mambas
  An eye of devastation (Slime:1)
  A gargoyle (D:12)
  An orange demon (Lair:2)
  13 cane toads
  12 komodo dragons
  Maggie (D:7)
  6 rime drakes
  3 freezing wraiths (D:14)
  An efreet (D:13)
  A tengu conjurer (D:14)
  11 trolls
  3 burning bushes (Lair:3)
  2 meliai (Spider:2)
  13 tarantellas
  A polar bear (shapeshifter) (D:13)
  7 polar bears
  10 blink frogs (Lair:5)
  13 dream sheep
  A spectral lindwurm (Lair:4)
  25 slime creatures
  16 jumping spiders
  A culicivora (shapeshifter) (D:14)
  11 culicivoras
  2 shadows (D:9)
  5 wyverns
  2 vampires (D:12)
  4 wraiths
  3 basilisks
  2 fire elementals (D:13)
  18 yaks
  4 steam dragons
  20 humans (D:14)
  24 redbacks
  19 vampire mosquitoes
  10 water moccasins
  A hell hound (D:13)
  2 acid dragons (Lair:5)
  2 wargs
  Duvessa (D:7)
  2 swamp drakes
  17 orc warriors
  7 ice beasts (Lair:5)
  17 ogres
  32 wolves
  11 centaurs
  A gnoll sergeant (D:9)
  A kobold brigand (D:10)
  5 bullfrogs
  A scorpion (D:6)
  4 wights (D:8)
  12 jellies
  Dowan (D:7)
  15 killer bees
  A lindwurm simulacrum (Lair:4)
  2 electric eels (D:9)
  4 howler monkeys
  A crimson imp (Orc:1)
  3 hounds
  An iron imp (Orc:1)
  12 orc priests
  A gnoll bouda (D:10)
  A sleepcap (D:7)
  8 iguanas
  Natasha (thrice) (D:2)
  20 orc wizards
  15 gnolls
  7 adders
  A shadow imp (Orc:1)
  5 white imps
  An ufetubus (D:4)
  93 orcs
  8 ball pythons
  6 endoplasms
  8 giant cockroaches
  15 goblins
  11 hobgoblins
  25 kobolds
  2 quokkas
  10 bats
  2 frilled lizards (D:1)
  8 rats
  A butterfly (Lair:4)
832 creatures vanquished.

Vanquished Creatures (collateral kills)
  A rockslime (Slime:1)
  Nessos (Orc:2)
  An ogre mage (Orc:2)
  6 two-headed ogres (Orc:2)
  A deep troll (Orc:2)
  A manticore (D:13)
  3 trolls (Orc:2)
  A tarantella (Spider:1)
  4 ogres (Orc:2)
19 creatures vanquished.

Vanquished Creatures (others)
  A fire elemental (D:13)
  An orc priest (D:13)
  An orc wizard (D:13)
  An iguana (Lair:5)
  26 fungi
  37 plants
67 creatures vanquished.

Grand Total: 918 creatures vanquished

Notes
Turn   | Place    | Note
-------+----------+-------------------------------------------
     0 | D:1      | Vill the Minotaur Berserker began the quest for the Orb.
     0 | D:1      | Reached XP level 1. HP: 19/19 MP: 0/0
   414 | D:1      | Reached XP level 2. HP: 27/27 MP: 1/1
   453 | D:1      | Reached skill level 4 in Fighting
  1321 | D:2      | Reached ** piety under Trog
  1416 | D:2      | Reached XP level 3. HP: 33/33 MP: 2/2
  1469 | D:2      | Noticed Natasha
  1481 | D:2      | Killed Natasha
  1825 | D:2      | Noticed Natasha
  1835 | D:2      | Killed Natasha
  1836 | D:2      | Reached XP level 4. HP: 26/41 MP: 3/3
  1952 | D:2      | Noticed Natasha
  1965 | D:2      | Killed Natasha
  2081 | D:3      | Found Orghiavoe's Jewellery Emporium.
  2258 | D:3      | Reached skill level 5 in Fighting
  2258 | D:3      | Reached XP level 5. HP: 48/48 MP: 4/4
  2382 | D:3      | Reached skill level 5 in Axes
  2526 | D:3      | Found a glowing golden altar of the Shining One.
  2575 | D:3      | Found a hazy altar of Hepliaklqana.
  2803 | D:3      | Found a faded altar of an unknown god.
  3044 | D:4      | Reached *** piety under Trog
  3187 | D:4      | Reached XP level 6. HP: 49/56 MP: 5/5
  3282 | D:4      | Found Rexukli's Armour Boutique.
  3528 | D:5      | Entered Level 5 of the Dungeon
  3592 | D:5      | Reached skill level 6 in Fighting
  3592 | D:5      | Reached skill level 5 in Armour
  3767 | D:5      | You fall into a shaft and drop 1 floor!
  3913 | D:6      | Reached XP level 7. HP: 55/64 MP: 6/6
  4069 | D:6      | Found a staircase to the Ecumenical Temple.
  4307 | D:6      | Found an ancient bone altar of Kikubaaqudgha.
  4504 | D:6      | Found a hide-covered altar of Uskayaw.
  4845 | D:5      | Reached skill level 7 in Fighting
  5268 | D:5      | Found Ulirr's Assorted Antiques.
  5280 | D:5      | Bought a grey potion for 32 gold pieces
  5280 | D:5      | Bought a dark potion for 32 gold pieces
  5513 | D:7      | Noticed a cyclops
  5520 | D:7      | Killed a cyclops
  5521 | D:7      | Reached XP level 8. HP: 34/74 MP: 7/7
  5660 | D:7      | Noticed Maggie
  5670 | D:7      | Killed Maggie
  5671 | D:7      | Reached skill level 8 in Fighting
  5676 | D:7      | Found Jabuenu's Lightly-Used Armoury.
  5866 | D:7      | Noticed Dowan
  5867 | D:7      | Noticed Duvessa
  5880 | D:7      | Killed Duvessa
  5883 | D:7      | Killed Dowan
  6423 | D:8      | Reached **** piety under Trog
  6473 | D:8      | Reached skill level 9 in Fighting
  6473 | D:8      | Reached XP level 9. HP: 65/83 MP: 8/8
  6658 | D:8      | Reached skill level 10 in Fighting
  6658 | D:8      | Reached skill level 10 in Axes
  6876 | D:8      | Identified the +4 ring mail of Weightlessness {Rampage
                  | Regen+}
  6888 | D:8      | Reached skill level 10 in Armour
  7133 | D:8      | Found a white marble altar of Elyvilon.
  7133 | D:8      | Found a shadowy altar of Dithmenos.
  7426 | D:9      | Reached XP level 10. HP: 46/94 MP: 9/9
  7539 | D:9      | Found a flagged portal.
  7552 | Bailey   | Entered a bailey
  7572 | Bailey   | Noticed an orc warlord
  7580 | Bailey   | Reached ***** piety under Trog
  7776 | Bailey   | Found a runed translucent gate.
  7779 | Bailey   | Found a runed translucent gate.
  7781 | Bailey   | Found a runed translucent gate.
  8194 | Bailey   | Killed an orc warlord
  8195 | Bailey   | Reached skill level 11 in Fighting
  8222 | Bailey   | Identified the +0 pair of gloves of Subjectivity {rC+}
  8237 | Bailey   | Reached skill level 15 in Axes
  8237 | Bailey   | Reached XP level 11. HP: 59/102 MP: 10/10
  9232 | D:9      | Found a radiant altar of Vehumet.
  9848 | D:10     | Entered Level 10 of the Dungeon
  9848 | D:10     | Noticed a death yak
  9852 | D:10     | Noticed a death yak
  9853 | D:10     | Noticed a death yak
  9865 | D:9      | Killed a death yak
  9913 | D:10     | Noticed a two-headed ogre
  9919 | D:10     | Killed a two-headed ogre
 10117 | D:10     | Reached skill level 12 in Fighting
 10358 | D:10     | Found a staircase to the Lair.
 10361 | D:10     | Identified the amulet of Senoigg {Faith Str+2}
 10459 | D:10     | Killed a death yak
 10469 | D:10     | Killed a death yak
 10470 | D:10     | Reached XP level 12. HP: 66/112 MP: 11/11
 11126 | Lair:1   | Entered Level 1 of the Lair of Beasts
 11276 | Lair:1   | Identified the +2 ring mail "Moboer" {Dex+3}
 11315 | Lair:1   | Reached skill level 5 in Dodging
 11860 | Lair:2   | Noticed a death yak
 11860 | Lair:2   | Noticed a death yak
 11863 | Lair:2   | Noticed a death yak
 12081 | Lair:1   | Killed a death yak
 12082 | Lair:1   | Reached skill level 1 in Evocations
 12129 | Lair:1   | Killed a death yak
 12130 | Lair:1   | Reached skill level 13 in Fighting
 12161 | Lair:1   | Killed a death yak
 12230 | Lair:2   | Noticed Amaemon
 12240 | Lair:2   | Killed Amaemon
 12341 | Lair:2   | Noticed Urug
 12356 | Lair:2   | Killed Urug
 12463 | Lair:2   | Noticed Nergalle
 12470 | Lair:2   | Killed Nergalle
 12546 | Lair:2   | You fall into a shaft and drop 1 floor!
 12577 | Lair:3   | Found a hole to the Spider Nest.
 12699 | Lair:3   | Received a gift from Trog
 12788 | Lair:3   | Found a staircase to the Swamp.
 13114 | Lair:3   | Reached XP level 13. HP: 123/123 MP: 12/12
 13345 | Lair:3   | Reached skill level 14 in Fighting
 14025 | Lair:4   | Identified the +6 trident "Bomusch" {spect, rF+}
 14047 | Lair:4   | Reached skill level 5 in Evocations
 14479 | Lair:4   | Found a runed translucent gate.
 14479 | Lair:4   | Found a runed translucent gate.
 14479 | Lair:4   | Found a runed translucent gate.
 14480 | Lair:4   | Noticed Vufrucs's ghost (journeyman DrTm)
 14825 | Lair:4   | Reached skill level 15 in Fighting
 14912 | Lair:4   | Killed Vufrucs's ghost
 15033 | Lair:5   | Entered Level 5 of the Lair of Beasts
 15272 | Lair:5   | Reached ****** piety under Trog
 15287 | Lair:5   | Found a staircase to the Slime Pits.
 15303 | Lair:5   | Identified the +3 leather armour of Ydweo {Int+3}
 15319 | Lair:5   | Reached skill level 16 in Fighting
 15348 | Lair:5   | Reached XP level 14. HP: 108/137 MP: 13/13
 15684 | Lair:5   | Received a gift from Trog
 15917 | Lair:5   | Reached skill level 17 in Fighting
 16232 | Lair:5   | Found the ring of the Hare {EV+10}
 16241 | Lair:5   | Reached skill level 10 in Evocations
 16791 | Lair:5   | Reached skill level 18 in Fighting
 17198 | Slime:1  | Entered Level 1 of the Pits of Slime
 17204 | Slime:1  | Noticed an azure jelly
 17214 | Slime:1  | Killed an azure jelly
 17366 | Slime:1  | Noticed a rockslime
 17377 | Slime:1  | Reached skill level 1 in Shields
 17380 | Slime:1  | Killed a rockslime
 17468 | Slime:1  | Received a gift from Trog
 17470 | Slime:1  | Gained mutation: Your body sometimes deteriorates upon
                  | taking damage. [a shining eye]
 17600 | Slime:1  | Gained mutation: You are weak. (Str -2) [a shining eye]
 17600 | Slime:1  | Gained mutation: You possess an exceptional clarity of
                  | mind. [a shining eye]
 17856 | Slime:2  | Noticed a rockslime
 17856 | Slime:2  | Noticed a quicksilver ooze
 17966 | Slime:1  | Killed a rockslime
 17974 | Slime:2  | Gained mutation: You are occasionally teleported next to
                  | monsters. [a shining eye]
 17976 | Slime:2  | Noticed an acid blob
 17976 | Slime:2  | Noticed an acid blob
 17986 | Slime:1  | Reached XP level 15. HP: 123/151 MP: 14/14
 18010 | Slime:1  | Lost mutation: Your body sometimes deteriorates upon taking
                  | damage. [potion of mutation]
 18010 | Slime:1  | Lost mutation: You are weak. (Str -2) [potion of mutation]
 18010 | Slime:1  | Lost mutation: You possess an exceptional clarity of mind.
                  | [potion of mutation]
 18010 | Slime:1  | Gained mutation: You have hidden genetic defects. [potion
                  | of mutation]
 18010 | Slime:1  | Gained mutation: You are partially covered in iridescent
                  | scales. (AC +2) [potion of mutation]
 18011 | Slime:1  | Lost mutation: You are partially covered in iridescent
                  | scales. (AC +2) [potion of mutation]
 18011 | Slime:1  | Lost mutation: You have hidden genetic defects. [potion of
                  | mutation]
 18011 | Slime:1  | Lost mutation: You are occasionally teleported next to
                  | monsters. [potion of mutation]
 18011 | Slime:1  | Gained mutation: Your spells are a little harder to cast,
                  | but a little more powerful. [potion of mutation]
 18229 | D:11     | Found a staircase to the Orcish Mines.
 18311 | D:11     | Reached skill level 19 in Fighting
 18371 | D:11     | Noticed Erica
 18376 | D:11     | Killed Erica
 18383 | D:11     | Noticed Snorg
 18391 | D:11     | Killed Snorg
 18392 | D:11     | Reached skill level 5 in Shields
 18576 | D:11     | Identified the +4 chain mail of the Tanner {rC- Dex+5}
 18854 | D:11     | Found Imeo's Antique Weapon Shoppe.
 18977 | Orc:1    | Entered Level 1 of the Orcish Mines
 19052 | Orc:1    | Identified the +1 hat "Zudel" {-Tele Rampage *Corrode
                  | Dex+8}
 19109 | Orc:1    | Received a gift from Trog
 19178 | Orc:1    | Reached skill level 1 in Throwing
 19449 | Orc:2    | Entered Level 2 of the Orcish Mines
 19524 | Orc:2    | Noticed Donald
 19534 | Orc:2    | Killed Donald
 19774 | Orc:2    | Found a staircase to the Elven Halls.
 19830 | Orc:2    | Noticed Nessos
 19832 | Orc:2    | Found Jatul's Antique Armour Shoppe.
 19851 | Orc:2    | Killed Nessos
 19852 | Orc:2    | Found Peny's Magic Scroll Shoppe.
 19990 | Orc:2    | Found Zepsytoc's General Store.
 19992 | Orc:2    | Bought a spiked cloak for 313 gold pieces
 19992 | Orc:2    | Identified the -1 cloak of the Last Planets {-Tele rF++
                  | Str+3} (You bought it in a shop on level 2 of the Orcish
                  | Mines)
 19999 | Orc:2    | Found Teonuaf's Book Emporium.
 20004 | Orc:2    | Bought a scroll of teleportation for 39 gold pieces
 20004 | Orc:2    | Bought a potion of invisibility for 104 gold pieces
 20004 | Orc:2    | Bought a potion of curing for 39 gold pieces
 20034 | Orc:2    | Bought a scroll of identify for 30 gold pieces
 20034 | Orc:2    | Bought a scroll of fear for 60 gold pieces
 20034 | Orc:2    | Bought a scroll of identify for 30 gold pieces
 20034 | Orc:2    | Bought a scroll of identify for 30 gold pieces
 20034 | Orc:2    | Bought 2 scrolls of noise for 30 gold pieces
 20581 | D:12     | Received a gift from Trog
 21508 | D:13     | Noticed Azrael
 21524 | D:13     | HP: 3/152 [Azrael/damnation (47)]
 21776 | D:13     | Killed Azrael
 22158 | D:13     | Noticed Jorgrun
 22174 | D:13     | Killed Jorgrun
 22240 | D:13     | Found a portal to a secret trove of treasure.
 22276 | D:13     | Identified the +8 glaive of the Thing {antimagic, rCorr}
 22355 | D:14     | Noticed Agnes
 22368 | D:14     | Killed Agnes
 22483 | D:14     | Received a gift from Trog
 22920 | D:14     | Reached XP level 16. HP: 161/161 MP: 15/15
 23018 | D:14     | Found a gate to the Vaults.
 23222 | D:15     | Entered Level 15 of the Dungeon
 23364 | D:15     | Identified a scroll of acquirement
 23365 | D:15     | Acquired the -2 pair of boots "Mobboj" {rElec rF+}
 23429 | D:15     | Found a staircase to the Depths.
 23442 | D:15     | Received a gift from Trog
 23553 | D:15     | Reached skill level 10 in Shields
 23564 | D:15     | Reached skill level 5 in Throwing
 24191 | Spider:1 | Entered Level 1 of the Spider Nest
 24212 | Spider:1 | Reached skill level 20 in Fighting
 24621 | Spider:1 | Received a gift from Trog
 25260 | Spider:1 | HP: 5/163 [wolf spider (11)]
 25261 | Spider:1 | Succumbed to a redback's poison

Illustrated notes

Levels and vault maps discovered:
D:1:      minmay_arrival_pointy, layout_basic, item_on_display_a
D:2:      layout_basic, uniq_natasha
D:3:      layout_loops_ring, lemuel_tele_altar, overflow_temple_1_default,
          serial_shops, nicolae_shop_competitors_out_of_business,
          ebering_ecumenical_altar_hall, minmay_checkerbox
D:4:      layout_rooms, serial_shops, shop
D:5:      layout_basic, serial_shops, shop, kennysheep_nondescript
D:6:      layout_gridville, nicolae_overflow_squiral,
          minmay_temple_entry_gardened_gates, skrybe_limestone_x
D:7:      layout_rooms, minmay_misc_feat_rugged, minmay_shop_damaged,
          uniq_maggie, uniq_duvessa
D:8:      layout_rooms, nicolae_overflow_two_pavilions
D:9:      layout_stronghold, vehumet_statue, serial_column_ruins,
          column_ruins_square_medium, column_ruins_hut_ruined,
          column_ruins_open_tiny, column_ruins_corridor_straight,
          column_ruins_open_small, column_ruins_corridor_straight,
          column_ruins_open_small, enter_bailey_3, minivault_14
D:10:     layout_basic, dpeg_lair_monsters, mumra_transporter_accident
D:11:     layout_roguey, hiddenorc2_lemuel, serial_shops, kennysheep_mini,
          nicolae_hexahallways, uniq_snorg, uniq_erica
D:12:     layout_basic
D:13:     layout_rooms, enter_trove_3, kennysheep_just_a_vault, uniq_azrael,
          uniq_jorgrun
D:14:     layout_cave_pools, grunt_vaults_entry_tiered, dk_noncrumbling_3,
          drop_trap, uniq_agnes
D:15:     hangedman_depths_entry_civil_slaughter, layout_long_grid,
          hellmonk_bongcloud_opening
Lair:1:   beast_lair_carwin_large_3, layout_loops_ring
Lair:2:   layout_gridlike, uniq_urug, uniq_amaemon, uniq_nergalle
Lair:3:   layout_regular_city, skrybe_swamp_entry_bodies,
          spider_nest_entry_web_field, serial_rivers,
          chequers_serial_rivers_small_b, chequers_serial_rivers_micro_c,
          chequers_serial_rivers_micro_d, chequers_serial_rivers_small_a,
          cheibrodos_lair_caveside_slide, evilmike_ambush
          [evilmike_ambush_outer_corners, evilmike_ambush_inner_basic]
Lair:4:   layout_regular_city, gammafunk_ghost_necromancy, serial_bayou_shore_b,
          lemuel_fruit_fields
Lair:5:   hangedman_lair_in_review, layout_long_grid, guppyfry_lair_end_dragon,
          slime_entry_1, ice2_lemuel
Spider:1: layout_spider_delve
Spider:2: layout_spider_delve
Slime:1:  nicolae_slime_jelly_donut, layout_caves
Slime:2:  layout_caves
Orc:1:    layout_caves, basic_altar, hangedman_minor_magic
Orc:2:    st_orc_open, layout_diamond_mine, basic_altar,
          nicolae_orc_crystal_geode, uniq_nessos, uniq_donald

Skill      XL: |  1  2  3  4  5  6  7  8  9 10 11 12 13 14 15 16 |
---------------+-------------------------------------------------+-----
Fighting       | 4 5 6 7 9 10 11 12 13 16 18 19 20 | 20.2
Axes           | 4 5 6 7 8 10 15 16 17 18 | 18.0
Armour         | 3 4 5 7 8 10 11 13 14 | 14.8
Dodging        | 4 5 6 8 |  8.4
Evocations     | 4 8 10 11 | 11.4
Shields        | 4 8 11 | 11.5
Throwing       | 4 6 |  6.0

Action                     |  1- 3 |  4- 6 |  7- 9 | 10-12 | 13-15 | 16-18 || total
---------------------------+-------+-------+-------+-------+-------+-------++-------
  Melee: Hand axe          |    84 |   139 |    17 |       |       |       ||   240
         Headbutt          |     8 |    29 |    27 |    80 |   237 |    76 ||   457
         Punch             |       |     2 |     1 |     6 |     4 |       ||    13
         War axe           |       |       |   165 |    50 |       |       ||   215
         Broad axe         |       |       |       |   361 |   859 |   331 ||  1551
         Battleaxe         |       |       |       |       |    66 |       ||    66
         Demon whip        |       |       |       |       |    10 |       ||    10
 Invoke: Berserk           |       |       |     2 |     1 |     1 |     1 ||     5
         Trog's Hand       |       |       |     2 |     1 |     4 |     4 ||    11
         Brothers in Arms  |       |       |       |       |     4 |     1 ||     5
  Evoke: Wand              |       |       |       |     5 |     4 |       ||     9
    Use: Scroll            |       |     6 |     4 |    10 |    18 |     7 ||    45
         Potion            |       |       |     1 |     4 |     7 |     1 ||    13
 Armour: Ring mail         |    36 |    53 |    99 |   134 |   277 |    90 ||   689
         Animal skin       |     1 |       |       |       |       |       ||     1
  Dodge: Dodged            |    58 |    70 |   126 |   195 |   634 |   337 ||  1420
  Block: Buckler           |       |       |       |       |    20 |       ||    20
         Kite shield       |       |       |       |       |    94 |   198 ||   292
